 Dungeon Crawl Stone Soup version 0.30.1-4-g462c640d31 (webtiles) character file.

Game seed: 5784346444603328165

70284 croobank the Nimble (level 14, -2/105 HPs)
             Began as a Demonspawn Delver on Sept 16, 2023.
             Was an Initiate of Gozag.
             Killed from afar by a tengu conjurer (27 damage)
             ... with a bolt of lightning
             ... on level 13 of the Dungeon on Sept 17, 2023.
             The game lasted 02:48:50 (31642 turns).

croobank the Nimble (Demonspawn Delver)            Turns: 31642, Time: 02:48:51

Health: -2/105     AC:  8    Str: 13    XL:     14   Next: 93%
Magic:  0/26       EV: 17    Int: 16    God:    Gozag
Gold:   1334       SH:  8    Dex: 15    Spells: 13/29 levels left

rFire   + . .        t - +4 dagger
rCold   . . .        (no shield)
rNeg    + . .        R - +0 acid dragon scales
rPois   .            (helmet restricted)
rElec   .            (cloak unavailable)
rCorr   +            (no gloves)
SInv    .            k - +1 pair of boots {Stlth+}
Will    +++..        A - brooch of Shielding {Spirit SH+8}
Stlth   +++++        J - ring of protection from fire
HPRegen 0.37/turn    O - ring "Wikamul" {rN+ Will++}
MPRegen 0.20/turn

%: guardian spirit
@: mighty, brilliant
A: antennae 2, hooves 2, demonic guardian 2, foul stench 2, weakness stinger 3
a: Renounce Religion, Potion Petition, Call Merchant, Bribe Branch


You were on level 13 of the Dungeon.
You worshipped Gozag.
Gozag was most pleased with you.
You visited 4 branches of the dungeon, and saw 21 of its levels.

You collected 6189 gold pieces.
You spent 1587 gold pieces at shops.
You paid 3268 gold pieces to Gozag.

Inventory:

Hand Weapons
 c - a +3 flail of freezing
 p - a +1 long sword of protection
 r - a +2 dagger of venom
 t - a +4 dagger (weapon)
 Q - a +1 morningstar of flaming
 T - a +3 morningstar
 W - a +5 broad axe
Missiles
 q - 57 poisoned darts (quivered)
 x - 21 boomerangs
 I - 9 javelins
 S - 3 boomerangs of dispersal
 U - 2 silver boomerangs
 X - 6 silver javelins
 Y - 4 curare-tipped darts
Armour
 b - the +0 animal skin of Magic {rF- Str+5 Int+4}
   (You found it on level 10 of the Dungeon)

   Str:       It affects your strength (+5).
   Int:       It affects your intelligence (+4).
   rF:        It makes you vulnerable to fire.
 f - the +0 robe of the Valley of Death {rF+++ rN+}
   (You found it on level 10 of the Dungeon)

   rF:        It renders you almost immune to fire.
   rN:        It protects you from negative energy.
 i - a +3 leather armour
 k - a +1 pair of boots of stealth (worn)
 m - an orb of mayhem
 R - +0 acid dragon scales (worn)
Jewellery
 a - a ring of poison resistance
 h - an amulet of the acrobat
 l - a +4 ring of slaying
 o - a ring of ice
 s - a +4 ring of protection
 v - an amulet of faith
 A - the brooch of Shielding (around neck) {Spirit SH+8}
   (You bought it in a shop on level 1 of the Dungeon)

   [amulet of guardian spirit]

   It causes incoming damage to be divided between your reserves of health and
   magic.
   SH:        It affects your SH (+8).
 D - a ring of protection from cold
 E - a ring of positive energy
 F - a +6 ring of intelligence
 H - a ring of see invisible
 J - a ring of protection from fire (left hand)
 O - the ring "Wikamul" (right hand) {rN+ Will++}
   (You took it off a spriggan on level 5 of the Lair of Beasts)

   [ring of positive energy]

   rN:        It protects you from negative energy.
   Will:      It greatly increases your willpower.
 V - a +6 ring of dexterity
Wands
 d - a wand of polymorph (2)
 g - a wand of digging (2)
 C - a wand of flame (21)
Scrolls
 u - a scroll of amnesia
 y - a scroll of poison
 B - 8 scrolls of identify
 G - 3 scrolls of immolation
 K - a scroll of fog
 M - 2 scrolls of teleportation
 N - a scroll of vulnerability
 Z - a scroll of fear
Potions
 e - 2 potions of attraction
 j - 5 potions of mutation
 n - 6 potions of flight
 w - 4 potions of curing
 z - a potion of ambrosia
Miscellaneous
 L - a lightning rod (1/4)
 P - a phial of floods (inert)


   Skills:
 - Level 8.1 Fighting
 - Level 6.9 Short Blades
 - Level 12.4 Dodging
 - Level 8.7 Stealth
 + Level 8.2 Spellcasting
 - Level 7.0 Conjurations
 - Level 5.1 Hexes
 - Level 7.4 Summonings
 + Level 10.0 Ice Magic
 - Level 6.5 Air Magic
 - Level 5.2 Poison Magic


You had 13 spell levels left.
You knew the following spells:

 Your Spells              Type           Power      Damage    Failure   Level
a - Mephitic Cloud        Conj/Pois/Air  39%        N/A       3%          3
b - Poisonous Vapours     Pois/Air       76%        N/A       2%          2
c - Freezing Cloud        Conj/Ice/Air   23%        6-21      17%         5
d - Summon Guardian Gole  Hex/Summ       39%        N/A       3%          3
e - Ignite Poison         Fire/Tmut/Pois 18%        N/A       24%         3

Your spell library contained the following spells:

 Spells                   Type           Power      Damage    Failure   Level
 Magic Dart               Conj           100%       1d8       1%          1
 Shock                    Conj/Air       100%       1d9       1%          1
 Summon Small Mammal      Summ           100%       N/A       1%          1
 Call Imp                 Summ           90%        N/A       1%          2
 Hailstorm                Conj/Ice       50%        3d11      1%          3
 Call Canine Familiar     Summ           45%        N/A       2%          3
 Swiftness                Air            41%        N/A       3%          3
 Sting                    Tmut/Pois      88%        1d7       5%          1
 Momentum Strike          Conj/Tloc      52%        3d9       6%          2
 Airstrike                Air            20%        2d(3-19)  11%         4
 Apportation              Tloc           18%        N/A       16%         1
 Necrotise                Necr           36%        1d5       16%         1
 Inner Flame              Hex/Fire       22%        N/A       17%         3
 Olgreb's Toxic Radiance  Pois           35%        N/A       19%         4
 Ice Form                 Ice/Tmut       34%        N/A       21%         4
 Blink                    Tloc           18%        N/A       24%         2
 Lesser Beckoning         Tloc           18%        N/A       24%         2
 Iskenderun's Battlesphe  Conj           43%        2d9       24%         5
 Alistair's Intoxication  Tmut/Pois      14%        N/A       83%         5
 Yara's Violent Unravell  Hex/Tmut       11%        3d6       83%         5
 Iron Shot                Conj/Erth      13%        9d3       99%         6
 Enfeeble                 Hex            17%        N/A       100%        7
 Spellforged Servitor     Conj/Summ      22%        N/A       100%        7
 Simulacrum               Ice/Necr       Unusable   N/A       N/A         6

Dungeon Overview and Level Annotations

Branches:
Dungeon (13/15)            Temple (1/1) D:5            Lair (5/5) D:11
 Shoals (0/4) Lair:3        Snake (0/4) Lair:2        Slime (0/5) Lair:4
    Orc (2/2) D:10            Elf (0/3) Orc:2
 Vaults: D:13-14

Altars:
Ashenzari
Cheibriados
Dithmenos
Fedhas
Gozag
Hepliaklqana
Kikubaaqudgha
Makhleb
Nemelex Xobeh
Okawaru
Qazlal
Ru
Sif Muna
Trog
Uskayaw
Vehumet
Wu Jian
Xom
Yredelemnul
Jiyva
Lugonu

Shops:
D:1 =   D:7 *   D:8 *   D:12 (   Orc:2 =(?[

Portals:
Abyss: Lair:5

Annotations:
D:1 1 transporter
D:8 exclusion: oklob plant


Innate Abilities, Weirdness & Mutations

You have a pair of antennae on your head.
You have hoof-like feet.
A demonic guardian rushes to your aid.
You sometimes emit foul miasma when damaged in melee.
You have a sharp stinger which inflicts weakening toxins.


Message History

Orders for allies: a - Attack new target. p - Attack previous target. r - Retreat! s - Stop attacking. g - Guard the area. f - Follow me.
Anything else - Cancel.
Gang up on whom?
Press: ? - help, Dir - move target, f/p - yaktaur captain
Aim: a yaktaur captain (foul pestilence, severely wounded, confused, weak, ally target)
Okay, then.
You feel better.
The yaktaur captain is engulfed in dark miasma.
The yaktaur captain is poisoned.
You barely miss the yaktaur captain.
The yaktaur captain is severely wounded.
Your orange demon stings the yaktaur captain but does no damage.
What are your orders? t - Shout!
Orders for allies: a - Attack new target. p - Attack previous target. r - Retreat! s - Stop attacking. g - Guard the area. f - Follow me.
Anything else - Cancel.
Gang up on whom?
Press: ? - help, Dir - move target, f - tengu conjurer, p - yaktaur captain
Aim: a tengu conjurer Attack!
The tengu conjurer closely misses your orange demon.
The tengu conjurer pecks your orange demon but does no damage.
The tengu conjurer claws your orange demon.
Your orange demon stings the tengu conjurer!
Your orange demon hits the tengu conjurer!
The tengu conjurer looks weaker.
Aiming: Throw Flame
Press: ? - help, Shift-Dir - straight line, f - yaktaur captain, p - tengu conjurer
Aim: a yaktaur captain (severely wounded, confused, poisoned, weak, 100% to hit)
The puff of flame hits the yaktaur captain.
The yaktaur captain is almost dead.
The tengu conjurer points at you and mumbles some strange words.
The bolt of lightning hits your orange demon!
The bolt of lightning hits you!!
You die...
Your body crumbles into a pile of gold.

#...................
#########...................
............................
..............##############
..............#
...$..........#
..............##
........*Q4°.c.#
......##'##@...+
......#...#....#
#######....#...#....#
......#....#...#....#
...$###.Q# #...#....#
+##.#....# ... #....#
#.${...# #..... #.#{.c.#
#.#'### #c#....'.


You could see a yaktaur captain (confused, poisoned, weak), a tengu conjurer
(weak, ally target), a battlesphere and a friendly orange demon (summoned).

Vanquished Creatures
  An acid blob (Lair:4)
  Gastronok (D:8)
  An orc warlord (Orc:2)
  Nessos (Lair:5)
  6 hydras
  An ogre mage (Orc:2)
  A catoblepas (Lair:2)
  4 boulder beetles
  2 two-headed ogres
  2 death yaks (Lair:5)
  A tengu warrior (D:13)
  Urug (Lair:3)
  2 thrashing horrors (Lair:5)
  Nergalle (Orc:2)
  A skyshark (Lair:4)
  Sonja (D:13)
  A deep elf pyromancer (D:13)
  A harpy (Lair:3)
  10 orc sorcerers (Orc:2)
  3 ugly things
  A cyclops (D:12)
  2 black mambas
  9 elephants
  A slime creature (Lair:4)
  7 cane toads
  A smoke demon (Lair:5)
  2 gargoyles
  Maggie (Lair:1)
  A cane toad (shapeshifter) (Lair:5)
  An unseen horror (D:11)
  A kobold demonologist (D:10)
  A rime drake (Lair:5)
  A yaktaur (shapeshifter) (Lair:5)
  An ancient zyme (Lair:5)
  5 komodo dragons
  4 trolls
  2 hornets
  3 meliai (D:12)
  19 blink frogs
  A shadow (D:9)
  2 spriggans (Lair:5)
  26 yaks
  A wraith (D:11)
  4 wyverns
  3 basilisks
  Grum (Lair:1)
  8 vampire mosquitoes (D:12)
  A chaos spawn (Lair:5)
  2 nagas (Lair:2)
  A warg (D:10)
  12 water moccasins
  A swamp drake (D:10)
  19 orc warriors
  An ice beast (D:5)
  2 sky beasts
  2 black bears
  7 ogres
  22 wolves
  3 centaurs
  2 kobold brigands
  6 bullfrogs
  8 small abominations (Lair:5)
  4 scorpions
  8 wights
  6 howler monkeys
  2 electric eels (Lair:5)
  7 jellies
  2 hounds (D:6)
  15 orc priests
  6 hell rats (Lair:5)
  3 iguanas
  24 orc wizards
  2 sleepcaps
  3 gnolls (D:3)
  14 adders
  2 river rats (D:6)
  12 white imps
  2 dart slugs
  2 worms
  74 orcs
  7 ball pythons
  18 endoplasms
  4 giant cockroaches
  5 goblins
  7 hobgoblins
  10 jackals
  19 kobolds
  A quokka (D:3)
  8 bats
  3 frilled lizards
  4 rats
514 creatures vanquished.

Vanquished Creatures (collateral kills)
  A hydra (Lair:4)
  A thrashing horror (Lair:5)
  A glowing orange brain (shapeshifter) (Lair:5)
  A skyshark (Lair:3)
  A harpy (Lair:3)
  2 orc sorcerers (Orc:2)
  A cyclops (D:12)
  An elephant (Lair:4)
  A shadow (D:13)
  A vampire (D:9)
  2 yaks (D:9)
  A basilisk (D:13)
  A steam dragon (D:8)
  2 nagas (Lair:2)
  3 wolves
  A kobold brigand (D:9)
  A wight (D:8)
  A hound (D:4)
  4 orc priests
  A jelly (D:8)
  5 orc wizards
  A white imp (D:7)
  11 orcs
45 creatures vanquished.

Vanquished Creatures (others)
  An acid blob (Lair:4)
  2 hydras (Lair:5)
  4 death yaks (Lair:5)
  A skyshark (Lair:5)
  A lindwurm (Lair:5)
  An ugly thing (Lair:5)
  A black mamba (Lair:5)
  A smoke demon (Lair:5)
  A cane toad (Lair:5)
  2 ancient zymes (Lair:5)
  A blink frog (Lair:5)
  A ynoxinul (Lair:5)
  2 yaks (Lair:4)
  3 basilisks (Lair:5)
  2 wyverns (Lair:5)
  A warg (Orc:2)
  A water moccasin (Lair:5)
  3 jellies (D:8)
  2 orc wizards (Orc:2)
  A white imp (Lair:5)
  An orc (D:10)
33 creatures vanquished.

Grand Total: 592 creatures vanquished

Notes
Turn   | Place    | Note
-------+----------+-------------------------------------------
     0 | D:5      | croobank the Demonspawn Delver began the quest for the Orb.
     0 | D:5      | Reached XP level 1. HP: 18/18 MP: 1/1
     6 | D:6      | Noticed a hound
    19 | D:6      | Killed a hound
    20 | D:6      | Reached skill level 2 in Dodging
    20 | D:6      | Gained mutation: A weak demonic guardian rushes to your
                  | aid. [demonic ancestry]
    20 | D:6      | Reached XP level 2. HP: 13/24 MP: 2/2
    20 | D:6      | Discovered your monstrous ancestry.
    20 | D:6      | Gained mutation: You have a small tail. [demonic ancestry]
    20 | D:6      | Reached XP level 3. HP: 16/29 MP: 3/3
    98 | D:5      | Found a staircase to the Ecumenical Temple.
    99 | D:5      | Noticed an ogre
   125 | D:5      | Noticed a scorpion
   894 | D:1      | Found a transporter.
   900 | D:1      | Found a transporter.
  1130 | D:1      | Found Zimuint's Jewellery Boutique.
  1679 | D:1      | Gained mutation: You have a tail ending in a sharp stinger.
                  | [demonic ancestry]
  1679 | D:1      | Reached XP level 4. HP: 33/35 MP: 4/4
  1697 | D:1      | Reached skill level 5 in Stealth
  1915 | D:2      | Reached skill level 10 in Dodging
  1915 | D:2      | Gained mutation: You may rarely emit foul miasma when
                  | damaged in melee. [demonic ancestry]
  1915 | D:2      | Reached XP level 5. HP: 11/41 MP: 5/5
  2293 | D:2      | Found a faded altar of an unknown god.
  2524 | D:3      | Gained mutation: You have a sharp stinger which inflicts
                  | weakening toxins. [demonic ancestry]
  2524 | D:3      | Reached XP level 6. HP: 21/48 MP: 6/6
  3758 | D:4      | HP: 2/48 [ogre/+0 giant club (20)]
  4174 | D:4      | Gained mutation: You have a pair of small antennae on your
                  | head. [demonic ancestry]
  4174 | D:4      | Reached XP level 7. HP: 54/54 MP: 7/7
  4190 | D:4      | Found a burning altar of Makhleb.
  4490 | D:5      | Found a shimmering altar of Xom.
  4967 | D:5      | Reached skill level 11 in Dodging
  5404 | D:6      | Gained mutation: A demonic guardian rushes to your aid.
                  | [demonic ancestry]
  5404 | D:6      | Reached XP level 8. HP: 61/61 MP: 8/8
  5559 | D:6      | Reached skill level 5 in Fighting
  5949 | D:6      | Found a broken altar of Ashenzari.
  5949 | D:6      | Found an ancient bone altar of Kikubaaqudgha.
  6133 | D:7      | Found Obbules's Serpentskin Sales.
  6313 | D:7      | Learned a level 3 spell: Mephitic Cloud
  7139 | Temple   | Entered the Ecumenical Temple
  7179 | Temple   | Became a worshipper of Gozag Ym Sagoz the Greedy
  7243 | D:8      | Noticed a hornet
  7250 | D:8      | a hornet changed into a sky beast
  7342 | D:8      | Found a shadowy altar of Dithmenos.
  7534 | D:8      | Noticed Gastronok
  7557 | D:8      | Killed Gastronok
  7558 | D:8      | Reached skill level 1 in Spellcasting
  7558 | D:8      | Reached skill level 1 in Conjurations
  7558 | D:8      | Reached skill level 1 in Air Magic
  7558 | D:8      | Reached skill level 1 in Poison Magic
  7558 | D:8      | Gained mutation: You have a pair of antennae on your head.
                  | [demonic ancestry]
  7558 | D:8      | Reached XP level 9. HP: 48/68 MP: 8/11
  8116 | D:7      | Gained mutation: You sometimes emit foul miasma when
                  | damaged in melee. [demonic ancestry]
  8116 | D:7      | Reached XP level 10. HP: 33/76 MP: 13/13
  8383 | D:8      | Found a shimmering blue altar of Sif Muna.
  8408 | D:8      | Learned a level 2 spell: Poisonous Vapours
  8430 | D:8      | Noticed an oklob plant
  8967 | D:8      | Found Gitacs's Overcharged Wands.
  9318 | D:1      | Bought the brooch of Shielding {Spirit SH+8} for 715 gold
                  | pieces
  9318 | D:1      | Found the brooch of Shielding {Spirit SH+8}
  9547 | D:9      | Noticed a two-headed ogre
  9574 | D:9      | Killed a two-headed ogre
 10358 | D:10     | Entered Level 10 of the Dungeon
 10639 | D:9      | Reached skill level 5 in Short Blades
 10840 | D:10     | Paralysed by a hornet for 3 turns
 11091 | D:10     | Identified the +0 robe of the Valley of Death {rF+++ rN+}
 11091 | D:10     | Noticed a two-headed ogre
 11115 | D:10     | Killed a two-headed ogre
 11116 | D:10     | Gained mutation: You have large cloven feet. [demonic
                  | ancestry]
 11116 | D:10     | Reached XP level 11. HP: 47/81 MP: 3/16
 11953 | D:10     | Found a staircase to the Orcish Mines.
 12000 | D:10     | Identified the +0 animal skin of Magic {rF- Str+5 Int+4}
 12133 | D:10     | Found a sacrificial altar of Ru.
 12433 | D:11     | Found a staircase to the Lair.
 12448 | D:11     | Noticed a boulder beetle
 12460 | D:11     | Noticed a purple ugly thing
 12738 | D:11     | Killed a purple ugly thing
 12739 | D:11     | Reached skill level 5 in Conjurations
 12859 | D:11     | Killed a boulder beetle
 12860 | D:11     | Reached skill level 5 in Poison Magic
 14030 | D:12     | Found Futorphoirph's Weapon Emporium.
 14187 | D:12     | Reached skill level 5 in Air Magic
 14477 | D:12     | Learned a level 5 spell: Freezing Cloud
 14622 | D:12     | Noticed a boulder beetle
 14632 | D:12     | Killed a boulder beetle
 14633 | D:12     | Reached skill level 5 in Spellcasting
 14641 | D:12     | Reached skill level 1 in Ice Magic
 14832 | D:13     | Noticed a boulder beetle
 15237 | D:13     | Killed a boulder beetle
 15316 | D:13     | Reached XP level 12. HP: 70/89 MP: 15/19
 15416 | D:13     | Noticed Sonja
 15425 | D:13     | Killed Sonja
 15429 | D:13     | Noticed a tengu warrior
 15434 | D:13     | Noticed a tengu warrior
 15439 | D:13     | Killed a tengu warrior
 15531 | Lair:1   | Entered Level 1 of the Lair of Beasts
 15648 | Lair:1   | Noticed Grum
 15658 | Lair:1   | Killed Grum
 16127 | Lair:1   | Reached skill level 12 in Dodging
 16239 | Lair:1   | Noticed Maggie
 16256 | Lair:1   | Killed Maggie
 16758 | Lair:2   | Found a staircase to the Snake Pit.
 17302 | Lair:2   | Noticed a catoblepas
 17310 | Lair:2   | Killed a catoblepas
 17657 | Lair:3   | Noticed a seven-headed hydra
 17677 | Lair:3   | Killed a seven-headed hydra
 18080 | Lair:3   | Found a staircase to the Shoals.
 18396 | Lair:3   | Noticed Urug
 18408 | Lair:3   | Killed Urug
 18987 | Lair:4   | Noticed a six-headed hydra
 18998 | Lair:4   | Killed a six-headed hydra
 18999 | Lair:4   | Gained mutation: You have hoof-like feet. [demonic
                  | ancestry]
 18999 | Lair:4   | Reached XP level 13. HP: 72/98 MP: 12/22
 19459 | Lair:4   | Reached skill level 5 in Ice Magic
 20448 | Lair:4   | Found a runed translucent door.
 20449 | Lair:4   | Found a viscous altar of Jiyva.
 20450 | Lair:4   | Noticed an acid blob
 20450 | Lair:4   | Noticed an acid blob
 20452 | Lair:4   | Found a staircase to the Slime Pits.
 21173 | Lair:5   | Entered Level 5 of the Lair of Beasts
 21185 | Lair:4   | Learned a level 3 spell: Summon Guardian Golem
 21373 | D:7      | Bought a scroll of poison for 56 gold pieces
 21373 | D:7      | Bought the Directory of Contaminants for 420 gold pieces
 21379 | D:7      | Learned a level 3 spell: Ignite Poison
 21519 | Lair:4   | Reached skill level 1 in Summonings
 21587 | Lair:5   | Reached skill level 1 in Hexes
 21807 | Lair:5   | Reached skill level 5 in Summonings
 22267 | Lair:5   | Noticed Nessos
 22279 | Lair:5   | Killed Nessos
 22795 | Lair:5   | Reached XP level 14. HP: 99/105 MP: 5/23
 23275 | Lair:5   | Reached skill level 5 in Hexes
 24828 | Lair:5   | Found a corrupted altar of Lugonu.
 24828 | Lair:5   | Found a one-way gate to the infinite horrors of the Abyss.
 25402 | Lair:5   | Identified the ring "Wikamul" {rN+ Will++}
 25817 | Lair:4   | Killed an acid blob
 25823 | Lair:4   | Killed an acid blob
 26230 | D:1      | Bought a +6 ring of intelligence for 396 gold pieces
 26409 | Orc:1    | Entered Level 1 of the Orcish Mines
 27339 | Orc:2    | Entered Level 2 of the Orcish Mines
 28685 | Orc:2    | Found a staircase to the Elven Halls.
 28876 | Orc:2    | Noticed an orc warlord
 28896 | Orc:2    | Killed an orc warlord
 29236 | Orc:2    | Found Xitzigyg's Antique Armour Shoppe.
 29617 | Orc:2    | Found a radiant altar of Vehumet.
 29659 | Orc:2    | Found Dukejiut's Magic Scroll Emporium.
 29700 | Orc:2    | Noticed Nergalle
 30087 | Orc:2    | Killed Nergalle
 30210 | Orc:2    | Found an ancient bone altar of Kikubaaqudgha.
 30482 | Orc:2    | Found Ulicwemym's Antique Weapon Shoppe.
 30489 | Orc:2    | Found Jaagh's Jewellery Shoppe.
 31229 | D:12     | Reached skill level 10 in Ice Magic
 31642 | D:13     | Killed from afar by a tengu conjurer

Illustrated notes

Levels and vault maps discovered:
D:1:      spicycebolla_arrival_transporter_tutorial, layout_basic, serial_shops,
          nicolae_shop_stone, minmay_misc_feat_ornament,
          chequers_serial_rivers_small_3, serial_bayou_pond_d
D:2:      layout_rooms, shapermc_ecumenical_altar_mp_vishouse
D:3:      layout_basic, skrybe_limestone_x
D:4:      layout_cave_pools, mainiacjoe_overflow_six_doors_small
D:5:      layout_cave_pools, xom_butterflies, minmay_temple_entry_purple_smoke,
          uniq_sigmund
D:6:      layout_rooms, nicolae_overflow_two_pavilions, portal_sewer_entry_c
D:7:      layout_rooms, chequers_serial_rivers_micro_d, palyth_stone_intersect,
          nrook_uturn, guppyfry_shop_venom
D:8:      lemuel_slime, layout_basic, grunt_dithmenos_smoke_and_mirrors,
          nicolae_sif_muna_condensation, nicolae_shop_overcharged_wands,
          uniq_gastronok
D:9:      layout_roguey
D:10:     layout_cross, nicolae_overflow_crystal_walls, erik_orc_1
D:11:     layout_cave_pools, david_lair_generic
D:12:     layout_roguey, serial_shops, shop
D:13:     layout_irregular_city, david_vaults_2, uniq_sonja, uniq_azrael
Temple:   eino_wide_crystal_templ
Lair:1:   layout_hall_layers, uniq_grum, uniq_maggie
Lair:2:   layout_roguey, minmay_snake_entry_guardpost_small
Lair:3:   layout_regular_city, nicolae_shoals_entry_roost, uniq_urug
Lair:4:   minmay_lair_venomous_thicket, layout_layer_cave, slime_entry_2,
          grunt_megastairs_4
Lair:5:   hellmonk_lair_end_abyssal_woods, layout_cave_pods,
          portal_ice_cave_entry_imps, infiniplex_staircase_pool, uniq_nessos
Orc:1:    layout_caves, basic_altar
Orc:2:    kennysheep_orc_mage_school, layout_diamond_mine

Skill      XL: |  1  2  3  4  5  6  7  8  9 10 11 12 13 14 |
---------------+-------------------------------------------+-----
Short Blades   | 2 3 4 5 6 |  6.9
Dodging        | 2 10 11 12 | 12.4
Stealth        | 5 6 7 8 |  8.7
Fighting       | 4 5 6 7 8 |  8.1
Spellcasting   | 1 2 3 5 6 8 |  8.2
Conjurations   | 1 2 4 5 6 7 |  7.0
Air Magic      | 1 2 3 5 6 |  6.5
Poison Magic   | 1 2 4 5 |  5.2
Ice Magic      | 1 4 5 10 | 10.0
Summonings     | 6 7 |  7.4
Hexes          | 4 5 |  5.1

Action                     |  1- 3 |  4- 6 |  7- 9 | 10-12 | 13-15 || total
---------------------------+-------+-------+-------+-------+-------++-------
  Melee: Short sword       |    23 |   227 |    20 |       |       ||   270
         Tailslap          |     2 |    19 |    41 |   116 |   186 ||   364
         Punch             |       |     3 |     2 |    10 |     6 ||    21
         Long sword        |       |       |   226 |   585 |     9 ||   820
         Dagger            |       |       |       |    34 |   774 ||   808
         Flail             |       |       |       |     4 |       ||     4
         Morningstar       |       |       |       |     1 |    83 ||    84
   Fire: Sling             |    71 |     6 |     1 |       |       ||    78
  Throw: Boomerang         |       |    11 |    39 |       |       ||    50
         Dart              |       |    11 |    16 |     1 |    11 ||    39
         Javelin           |       |       |       |     8 |    11 ||    19
   Cast: Poisonous Vapours |       |       |       |    54 |   168 ||   222
         Mephitic Cloud    |       |       |       |    34 |    67 ||   101
         Summon Guardian G |       |       |       |       |    37 ||    37
         Freezing Cloud    |       |       |       |       |    12 ||    12
 Invoke: Potion Petition   |       |       |       |     1 |     7 ||     8
  Evoke: Wand              |       |     1 |     9 |    13 |    17 ||    40
         Lightning rod     |       |       |       |     3 |     6 ||     9
         Phial of floods   |       |       |       |       |     1 ||     1
    Use: Scroll            |     4 |     4 |    10 |    14 |     4 ||    36
         Potion            |       |     9 |     4 |     4 |     9 ||    26
   Stab: Sleeping          |     4 |     7 |     2 |    13 |     7 ||    33
         Distracted        |       |       |     1 |     6 |     6 ||    13
         Confused          |       |       |       |    10 |    28 ||    38
         Invisible         |       |       |       |       |     5 ||     5
 Armour: Leather armour    |    20 |    55 |    74 |    80 |       ||   229
         Skin              |       |     3 |    12 |       |       ||    15
         Acid dragon scale |       |       |       |    39 |   198 ||   237
  Dodge: Dodged            |    52 |   160 |   279 |   496 |   556 ||  1543
  Block: Other             |       |       |       |   235 |   325 ||   560
